 Dungeon Sprint DCSS version 0.30-a0-1160-g6e42c06551 (webtiles) character file.

Game seed: 10560405828038317188

3298 sircluck the Severer (level 10, -16/156 HPs)
             Began as a Hill Orc Berserker on Apr 26, 2023.
             Was a High Priest of Trog.
             Demolished by Agnes
             ... wielding a +1 lajatang of speed
              (27 damage)
             ... in the Dungeon (Sprint IV: "Fedhas' Mad Dash").
             The game lasted 00:05:55 (1836 turns).

sircluck the Severer (Hill Orc Berserker)           Turns: 1836, Time: 00:05:55

Health: -16/156    AC:  6    Str: 29    XL:     10   Next: 1%
Magic:  0/10       EV: 15    Int:  4    God:    Trog [*****.]
Gold:   191        SH:  0    Dex: 13    Spells: 9/9 levels left

rFire   . . .        m - +3 battleaxe of Vaulawn {heavy, Str+4 Stlth+}
rCold   + + .        (shield currently unavailable)
rNeg    . . .        j - +1 leather armour of Hotepibb {Dex+3}
rPois   .            (no helmet)
rElec   .            (no cloak)
rCorr   .            (no gloves)
SInv    .            p - +0 pair of boots
Will    .....        l - amulet "Ohuihof" {Spirit rC++ Will- Regen+ Int-3} Stlth
                     (no ring)
HPRegen 1.26/turn    (no ring)
MPRegen 0.12/turn

%: no teleportation, guardian spirit
@: berserking, very quick
A: no striking features
a: Renounce Religion, Berserk, Trog's Hand, Brothers in Arms


You were in the Dungeon.
You worshipped Trog.
Trog was extremely pleased with you.
You visited 1 branch You collected 191 gold pieces.

Inventory:

Hand Weapons
 a - a +0 hand axe
 h - a +3 battleaxe
 m - the +3 battleaxe of Vaulawn (weapon) {heavy, Str+4 Stlth+}
   (Trog gifted it to you in the Dungeon)

   Str:       It affects your strength (+4).
   Stlth:     It makes you more stealthy.
Missiles
 n - 8 stones (quivered)
Armour
 b - a +0 animal skin
 j - the +1 leather armour of Hotepibb (worn) {Dex+3}
   (You found it in the Dungeon)

   Dex:       It affects your dexterity (+3).
 p - a +0 pair of boots (worn)
Jewellery
 i - the amulet of invisibility {+Inv}
   (You found it in the Dungeon)

   [amulet of nothing]

   +Inv:      It lets you turn invisible.
 l - the amulet "Ohuihof" (around neck) {Spirit rC++ Will- Regen+ Int-3}
   (You found it in the Dungeon)

   [amulet of guardian spirit]

   It causes incoming damage to be divided between your reserves of health and
   magic.
   Int:       It affects your intelligence (-3).
   rC:        It greatly protects you from cold.
   Regen:     It increases your rate of health regeneration.
   Will:      It decreases your willpower.
Scrolls
 k - 2 scrolls of identify {unknown}
Potions
 c - 2 potions of curing
 d - 4 potions of heal wounds
 e - a potion of haste
 f - 2 potions of magic
 g - a potion of berserk rage
Miscellaneous
 o - a phantom mirror


   Skills:
 + Level 14.9 Fighting
 + Level 17.9 Axes
 + Level 6.2 Armour
 + Level 7.5 Dodging
 + Level 6.6 Stealth
 + Level 4.0 Evocations


You had 9 spell levels left.
You didn't know any spells.
Your spell library was empty.

Dungeon Overview and Level Annotations

Branches:
Dungeon (1/1)

Altars:
Cheibriados
Dithmenos
Elyvilon
Gozag
Hepliaklqana
Kikubaaqudgha
Makhleb
Nemelex Xobeh
Okawaru
Qazlal
Ru
Sif Muna
Trog
Uskayaw
Vehumet
Wu Jian
Xom
Yredelemnul
Zin
The Shining One
Beogh
Jiyva
Lugonu

Shops:
D =!(?*

Annotations:
D exclusion: 2 oklob plants, Agnes


Message History

There is an open door here.
A spriggan berserker comes into view. It is wielding a +0 war axe.
Found Quotouhyam's Weapon Emporium.
There is an open door here.
Agnes shouts!
Agnes bows.
Agnes barely misses you.
There is an open door here.
Agnes closely misses you.
A red film seems to cover your vision as you go berserk!
You feel yourself moving faster!
You feel mighty! Agnes hits you but does no damage.
Agnes mutters, "I never trained for this."
Agnes hits you but does no damage. Agnes barely misses you.
You miss Agnes. Agnes completely misses you. x2
You miss Agnes.
Agnes hits you with a +1 lajatang of speed!!
Agnes closely misses you.
You slice Agnes!!
Agnes is moderately wounded.
Agnes misses you. Agnes closely misses you.
You slash Agnes!
Agnes is moderately wounded.
Agnes misses you.
Agnes hits you with a +1 lajatang of speed!!
You miss Agnes.
Agnes is moderately wounded.
Agnes hits you with a +1 lajatang of speed!!
Agnes hits you with a +1 lajatang of speed!!!
You closely miss Agnes.
Agnes is moderately wounded.
Agnes misses you.
Agnes hits you with a +1 lajatang of speed! x2
* * * LOW HITPOINT WARNING * * *
You closely miss Agnes.
Agnes is moderately wounded.
Agnes hits you with a +1 lajatang of speed!!
* * * LOW HITPOINT WARNING * * *
Agnes hits you with a +1 lajatang of speed!!
You die...

#################################
...#.⌠._._._._.⌠.#.))...#....##∩#
.).'.._._._._._..'.)#...#....'..#
...#..._._._._...#..###'##...##∩#
#'##.._._._._._..#..##∩∩.'...####
...#._._._._._.⌠.#############
...###################..P.$
####♣♣♣♣♣..♣.###@i..+.....$
.|'......♣).♣##:.#..#.P....
..#♣..♣♣♣.♣..###.##'# .P.P.
..#.♣♣..♣...♣'...#♣.♣ ####
##################.....#
..♣..♣....# .i.♣.... .♣.. .....
♣.... ∩. #### ###### ##


You could see Agnes.

Vanquished Creatures
  A spriggan druid (D)
  3 oklob plants (D)
  A queen bee (D)
  3 burning bushes (D)
  2 wandering mushrooms (D)
  3 scorpions (D)
  4 killer bees (D)
  5 oklob saplings (D)
  2 spriggans (D)
  A river rat (D)
  A rat (D)
  A ballistomycete spore (D)
27 creatures vanquished.

Vanquished Creatures (others)
  A wandering mushroom (D)
1 creature vanquished.

Grand Total: 28 creatures vanquished

Notes
Turn   | Place    | Note
-------+----------+-------------------------------------------
     0 | D        | sircluck the Hill Orc Berserker began the quest for the
                  | Orb.
     0 | D        | Reached XP level 1. HP: 19/19 MP: 1/1
    15 | D        | Reached skill level 5 in Axes
    15 | D        | Reached XP level 2. HP: 5/28 MP: 2/2
   111 | D        | Noticed an oklob sapling
   114 | D        | Killed an oklob sapling
   114 | D        | Reached ** piety under Trog
   115 | D        | Reached skill level 5 in Fighting
   115 | D        | Reached skill level 6 in Axes
   115 | D        | Reached XP level 3. HP: 37/37 MP: 3/3
   163 | D        | Noticed a scorpion
   163 | D        | Found the amulet of invisibility {+Inv}
   167 | D        | Killed a scorpion
   168 | D        | Reached skill level 7 in Axes
   168 | D        | Reached XP level 4. HP: 47/47 MP: 4/4
   223 | D        | Reached skill level 8 in Axes
   223 | D        | Reached XP level 5. HP: 38/53 MP: 5/5
   421 | D        | Found an opulent altar of Gozag.
   421 | D        | Found a hazy altar of Hepliaklqana.
   421 | D        | Found a burning altar of Makhleb.
   421 | D        | Found a roughly hewn altar of Beogh.
   421 | D        | Found a sparkling altar of Nemelex Xobeh.
   421 | D        | Found a snail-covered altar of Cheibriados.
   421 | D        | Found a sacrificial altar of Ru.
   421 | D        | Found a shimmering blue altar of Sif Muna.
   421 | D        | Found a shimmering altar of Xom.
   421 | D        | Found a basalt altar of Yredelemnul.
   422 | D        | Found a viscous altar of Jiyva.
   422 | D        | Found a bloodstained altar of Trog.
   422 | D        | Found an ornate altar of the Wu Jian Council.
   427 | D        | Found a shadowy altar of Dithmenos.
   427 | D        | Found an iron altar of Okawaru.
   427 | D        | Found a glowing silver altar of Zin.
   428 | D        | Found an ancient bone altar of Kikubaaqudgha.
   428 | D        | Found a hide-covered altar of Uskayaw.
   429 | D        | Found a white marble altar of Elyvilon.
   429 | D        | Found a stormy altar of Qazlal.
   429 | D        | Found a glowing golden altar of the Shining One.
   430 | D        | Found a corrupted altar of Lugonu.
   430 | D        | Found a radiant altar of Vehumet.
   445 | D        | Reached skill level 9 in Axes
   705 | D        | Reached *** piety under Trog
   706 | D        | Reached skill level 10 in Axes
   706 | D        | Reached skill level 1 in Stealth
   958 | D        | Reached skill level 1 in Evocations
   958 | D        | Reached XP level 6. HP: 66/66 MP: 6/6
   971 | D        | Reached skill level 10 in Fighting
   971 | D        | Reached skill level 11 in Axes
  1008 | D        | Found Gounkuil's Distillery.
  1008 | D        | Found Heurheti's Jewellery Emporium.
  1015 | D        | Noticed a burning bush
  1015 | D        | Noticed a wandering mushroom
  1016 | D        | Noticed a wandering mushroom
  1026 | D        | Killed a wandering mushroom
  1026 | D        | Reached **** piety under Trog
  1027 | D        | Reached skill level 12 in Axes
  1027 | D        | Reached skill level 5 in Armour
  1027 | D        | Reached XP level 7. HP: 74/74 MP: 7/7
  1033 | D        | Killed a burning bush
  1034 | D        | Reached skill level 13 in Axes
  1034 | D        | Reached skill level 5 in Dodging
  1035 | D        | Identified the +1 leather armour of Hotepibb {Dex+3}
  1334 | D        | Found Qajyser's General Store.
  1334 | D        | Found Nuepir's Magic Scroll Shoppe.
  1338 | D        | Identified the amulet "Ohuihof" {Spirit rC++ Will- Regen+
                  | Int-3}
  1382 | D        | Noticed a queen bee
  1400 | D        | Reached ***** piety under Trog
  1401 | D        | Reached XP level 8. HP: 83/83 MP: 8/8
  1453 | D        | Reached skill level 14 in Axes
  1463 | D        | Killed a queen bee
  1590 | D        | Noticed an oklob plant
  1609 | D        | Killed an oklob plant
  1609 | D        | Identified the +3 battleaxe of Vaulawn {heavy, Str+4
                  | Stlth+} (Trog gifted it to you in the Dungeon)
  1609 | D        | Received a gift from Trog
  1610 | D        | Reached skill level 15 in Axes
  1671 | D        | Noticed a burning bush
  1675 | D        | Killed a burning bush
  1676 | D        | Reached XP level 9. HP: 93/93 MP: 9/9
  1687 | D        | Noticed a burning bush
  1687 | D        | Noticed an oklob plant
  1688 | D        | Noticed a wandering mushroom
  1689 | D        | Killed a burning bush
  1690 | D        | Reached skill level 16 in Axes
  1691 | D        | Killed an oklob plant
  1692 | D        | Reached skill level 5 in Stealth
  1695 | D        | Killed a wandering mushroom
  1696 | D        | Reached skill level 17 in Axes
  1697 | D        | Identified the staff of air "Foukhah" {Drain rElec rC+++
                  | Will- Dex+3}
  1716 | D        | Noticed a spriggan druid
  1719 | D        | Killed a spriggan druid
  1748 | D        | Noticed an oklob plant conjurer
  1751 | D        | Killed an oklob plant conjurer
  1751 | D        | Received a gift from Trog
  1752 | D        | Reached XP level 10. HP: 46/104 MP: 3/10
  1813 | D        | Noticed Agnes
  1816 | D        | Noticed an oklob plant
  1816 | D        | Noticed an oklob plant summoner
  1821 | D        | Found Quotouhyam's Weapon Emporium.
  1821 | D        | Noticed a spriggan berserker
  1836 | D        | Demolished by Agnes

Illustrated notes

Levels and vault maps discovered:
D:        dungeon_sprint_fedhas [sprint_temple]

Skill      XL: |  1  2  3  4  5  6  7  8  9 |
---------------+----------------------------+-----
Fighting       | 4 5 7 9 11 12 13 14 | 14.9
Axes           | 5 6 7 8 10 12 13 15 17 | 17.9
Dodging        | 2 3 4 5 6 7 |  7.5
Armour         | 3 4 5 6 |  6.2
Stealth        | 1 2 3 4 6 |  6.6
Evocations     | 1 2 3 4 |  4.0

Action                     |  1- 3 |  4- 6 |  7- 9 | 10-12 || total
---------------------------+-------+-------+-------+-------++-------
  Melee: Hand axe          |    13 |    39 |    61 |       ||   113
         Punch             |       |     1 |     4 |       ||     5
         Battleaxe         |       |       |    11 |     7 ||    18
  Throw: Stone             |       |       |       |     1 ||     1
 Invoke: Berserk           |     2 |     5 |     3 |     1 ||    11
Ability: Evoke Invisibilit |       |     1 |       |       ||     1
    Use: Scroll            |       |       |     1 |       ||     1
   Stab: Invisible         |       |     2 |       |       ||     2
         Sleeping          |       |       |     3 |       ||     3
 Armour: Animal skin       |     1 |       |     1 |       ||     2
         Leather armour    |       |       |     4 |     2 ||     6
  Dodge: Dodged            |     8 |    10 |    25 |    10 ||    53

Table legend: (Time is in decaauts)
 A = Elapsed time spent in this place.
 B = Non-inter-level travel time spent in this place.
 C = Inter-level travel time spent in this place.
 D = Time resting spent in this place.
 E = Time spent auto-exploring this place.
 F = Levels seen in this place.
 G = Mean time per level.
                   A        B        C        D        E       F      G
               +--------+--------+--------+--------+--------+-----+--------+
         Total |   1892 |   1892 |      0 |   1392 |     69 |   1 | 1892.0 |
       Dungeon |   1892 |   1892 |      0 |   1392 |     69 |   1 | 1892.0 |
               +--------+--------+--------+--------+--------+-----+--------+

Top non-repeatable levels by time:
       D: 1892 daAuts
